 Dungeon Crawl Stone Soup version 0.27.1-33-g824d729ab1 (webtiles) character file.

Game seed: 4576352599912241409

89 Metae the Chopper (level 4, -3/40 HPs)
             Began as a Hill Orc Fighter on Dec 14, 2021.
             Slain by Sigmund (9 damage)
             ... on level 3 of the Dungeon.
             The game lasted 00:05:59 (2409 turns).

Metae the Chopper (Hill Orc Fighter)                Turns: 2409, Time: 00:06:00

Health: -3/40      AC:  8    Str: 19    XL:     4   Next: 55%
Magic:  4/4        EV:  7    Int:  8    God:
Gold:   149        SH:  9    Dex: 10    Spells: 3/3 levels left

rFire    . . .     SeeInvis .   a - +0 war axe
rCold    . . .     Faith    .   c - +0 kite shield
rNeg     + . .     Spirit   .   b - +0 scale mail
rPois    .         Reflect  .   o - +0 helmet
rElec    .         Harm     .   (no cloak)
rCorr    +         Rampage  .   (no gloves)
Will     .....                  (no boots)
Stlth    ..........             (no amulet)
HPRegen  0.13/turn              f - ring of positive energy
MPRegen  0.09/turn              l - ring of resist corrosion

@: no status effects
A: no striking features
a: no special abilities


You were on level 3 of the Dungeon.
You visited 1 branch of the dungeon, and saw 3 of its levels.

You collected 149 gold pieces.

Inventory:

Hand Weapons
 a - a +0 war axe (weapon)
 r - a +0 hunting sling
Missiles
 e - 34 stones (quivered)
Armour
 b - a +0 scale mail (worn)
 c - a +0 kite shield (worn)
 o - a +0 helmet (worn)
Jewellery
 f - a ring of positive energy (left hand)
 l - a ring of resist corrosion (right hand)
Wands
 n - a wand of flame (10)
Scrolls
 g - a scroll of immolation {unknown}
 i - 2 scrolls of identify {unknown}
 j - 3 scrolls of noise {unknown}
 k - a scroll of fog {unknown}
 q - a scroll of enchant weapon {unknown}
Potions
 d - a potion of might
 h - a potion of haste {unknown}
 m - a potion of lignification {unknown}
 p - 2 potions of curing {unknown}


   Skills:
 + Level 4.2 Fighting
 + Level 4.4 Axes
 + Level 3.7 Armour
 - Level 0.2 Dodging
 - Level 0.1 Stealth
 + Level 3.9 Shields
 + Level 0.0 Evocations


You had 3 spell levels left.
You didn't know any spells.
Your spell library contained the following spells:

 Spells                   Type           Power      Damage    Failure   Level
 Slow                     Hex            0%         N/A       100%        2
 Confusing Touch          Hex            0%         N/A       100%        3
 Yara's Violent Unravell  Hex/Tmut       0%         3d3       100%        5


Dungeon Overview and Level Annotations

Branches:
Dungeon (3/15)

Altars:

Shops:
D:1 :   D:2 =

Annotations:
D:3 Sigmund


Message History

You hit Sigmund but do no damage.
Sigmund is heavily wounded.
Sigmund barely misses you.
Your shield prevents you from hitting Sigmund.
Sigmund is heavily wounded.
You block Sigmund's attack.
You slash Sigmund!
Sigmund is severely wounded.
Sigmund says, "You will soon forget everything."
Sigmund gestures at you while chanting. The magic dart hits you.
You hit Sigmund.
Sigmund is severely wounded.
Sigmund hits you with a +0 scythe.
You closely miss Sigmund.
Sigmund is severely wounded.
Sigmund points at you and mumbles some strange words.
The magic dart hits you.
You closely miss Sigmund.
Sigmund is severely wounded.
Sigmund gestures wildly while chanting.
Sigmund flickers and vanishes!
Deactivating autopickup; reactivate with Ctrl-A.
You hear some strange, mumbled words.
A puff of flame appears from out of thin air!
The puff of flame hits you!
You closely miss something. Something hits you.
You miss something. Something hits you!
Your shield prevents you from hitting something.
You hear some strange, mumbled words.
Something tries to affect you, but you resist.
You barely miss something.
You hear some strange, mumbled words.
A magic dart appears from out of thin air!
The magic dart hits you. Something hits you but does no damage.
You barely miss something. Something hits you!
* * * LOW HITPOINT WARNING * * *
You miss something. Something hits you but does no damage.
You hit something but do no damage. Something hits you!
You die...

### ######
#.#############
.....#
#......@{......
####.#
#.###.#########
.###.#####.# ♣.♣
...........♣ ..♣
.###.#####♣♣P.♣P
.# #.# ♣(♣ ♣
'###.### ♣♣
........
.......#


There were no monsters in sight!

Vanquished Creatures
  Robin (D:2)
  2 worms
  5 ball pythons
  7 bats
  7 endoplasms
  4 giant cockroaches
  17 goblins
  5 hobgoblins
  4 kobolds
  2 quokkas
  4 frilled lizards
  5 rats
63 creatures vanquished.

Notes
Turn   | Place    | Note
-------+----------+-------------------------------------------
     0 | D:1      | Metae the Hill Orc Fighter began the quest for the Orb.
     0 | D:1      | Reached XP level 1. HP: 19/19 MP: 1/1
    39 | D:1      | Reached XP level 2. HP: 16/27 MP: 2/2
   317 | D:1      | Found a faded altar of an unknown god.
   424 | D:1      | Found Jielas's Book Shop.
   501 | D:1      | Reached XP level 3. HP: 28/33 MP: 3/3
  1150 | D:2      | Noticed Robin
  1163 | D:2      | Killed Robin
  1164 | D:2      | Reached XP level 4. HP: 30/40 MP: 4/4
  1775 | D:2      | Found Dotimae's Jewellery Shop.
  2391 | D:3      | Noticed Sigmund
  2409 | D:3      | Slain by Sigmund

Illustrated notes

Levels and vault maps discovered:
D:1:      shiori_shiawase, layout_rooms, serial_shops, shop,
          shapermc_ecumenical_altar_acropolis
D:2:      layout_basic, serial_glass, glass_columns_a, glass_columns_a,
          serial_shops, nicolae_shop_behind_doors, uniq_robin
D:3:      layout_basic, ebering_ghost_disaster_area, serial_forest,
          infiniplex_forest_end_1, infiniplex_forest_clump_curved,
          infiniplex_forest_clump_tiny, infiniplex_forest_3_way,
          infiniplex_forest_diagonal, infiniplex_forest_lined_4_way,
          uniq_sigmund

Skill      XL: |  1  2  3 |
---------------+----------+-----
Axes           | 3 4 |  4.4
Fighting       | 4 |  4.2
Armour         | |  3.7
Dodging        | |  0.2
Stealth        | |  0.1
Shields        | |  3.9

Action                   |  1- 3 |  4- 6 || total
-------------------------+-------+-------++-------
Melee: War axe           |   108 |    62 ||   170
Evoke: Wand              |       |     1 ||     1
Armor: Scale mail        |    46 |    48 ||    94
Dodge: Dodged            |    40 |    18 ||    58
Block: Kite shield       |    67 |    28 ||    95
